 Dungeon Crawl Stone Soup version 0.29.1-1-gd02db6906a (webtiles) character file.

Game seed: 331136188205554627

42 LabCoat the Trooper (level 3, 0/33 HPs)
             Began as a Hill Orc Fighter on Sept 30, 2022.
             Slain by an adder (1 damage)
             ... on level 2 of the Dungeon.
             The game lasted 00:04:42 (1112 turns).

LabCoat the Trooper (Hill Orc Fighter)              Turns: 1112, Time: 00:04:43

Health: 0/33       AC:  6    Str: 20    XL:     3   Next: 54%
Magic:  3/3        EV:  9    Int:  8    God:
Gold:   31         SH:  4    Dex: 10    Spells: 2/2 levels left

rFire   . . .      SeeInvis .   a - +0 war axe
rCold   . . .      Faith    .   c - +0 buckler
rNeg    . . .      Spirit   .   b - +0 scale mail
rPois   .          Reflect  .   (no helmet)
rElec   .          Harm     .   (no cloak)
rCorr   .          Rampage  .   (no gloves)
Will    .....                   (no boots)
Stlth   ..........              (no amulet)
HPRegen 0.11/turn               (no ring)
MPRegen 0.08/turn               (no ring)

@: mighty
A: no striking features
a: no special abilities


You were on level 2 of the Dungeon.
You visited 1 branch of the dungeon, and saw 2 of its levels.

You collected 31 gold pieces.

Inventory:

Hand Weapons
 a - a +0 war axe (weapon)
Armour
 b - a +0 scale mail (worn)
 c - a +0 buckler (worn)
Scrolls
 e - a scroll of teleportation
 h - a scroll of poison {unknown}
 j - a scroll of identify {unknown}
 k - a scroll of amnesia {unknown}
Potions
 f - a potion of lignification {unknown}
 g - a potion of curing {unknown}
 i - a potion of heal wounds {unknown}
 l - a potion of degeneration {unknown}


   Skills:
 + Level 3.8 Fighting
 * Level 3.7 Axes
 + Level 0.5 Throwing
 + Level 3.5 Armour
 + Level 3.5 Shields
 + Level 1.0 Evocations


You had 2 spell levels left.
You didn't know any spells.
Your spell library was empty.

Dungeon Overview and Level Annotations

Branches:
Dungeon (2/15)

Altars:

Shops:
D:1 (


Message History

You hit the quokka but do no damage.
The quokka is moderately wounded.
A ball python comes into view.
The quokka closely misses you.
The ball python hisses angrily.
You hit the quokka.
The quokka is almost dead.
The quokka bites you but does no damage.
The quokka barely misses you.
You closely miss the quokka.
The quokka is almost dead.
The quokka twitches its whiskers.
The quokka misses you. The quokka bites you.
You slash the quokka!
You kill the quokka!
You hit the ball python.
You kill the ball python!
You block the adder's attack. You block the goblin's attack.
You miss the adder. You block the adder's attack.
The goblin hits you from afar with a +0 spear.
* * * LOW HITPOINT WARNING * * *
The adder bites you.
* * * LOW HITPOINT WARNING * * *
You feel very mighty all of a sudden. The adder bites you but does no damage.
The goblin misses you.
You closely miss the adder. The adder bites you.
* * * LOW HITPOINT WARNING * * *
The goblin hits you from afar with a +0 spear.
* * * LOW HITPOINT WARNING * * *
The adder barely misses you. The adder barely misses you.
The adder attacks as you move away! The adder barely misses you.
The adder bites you but does no damage. The adder attacks as you move away!
The adder bites you.
* * * LOW HITPOINT WARNING * * *
The adder attacks as you move away! The adder barely misses you.
The adder bites you.
* * * LOW HITPOINT WARNING * * *
The adder bites you.
You die...

#..# #.# #.# #..# #.# #.# ...#
#.# #.# #'## ##.# #.# ...## #..#
#####.##### ....## #.###
#.........# .....## #.#.##
#.#...#.#.# .
......###....######.##.#....###..
....(.'.........@S.g.........†'..
......####...######.........###..
.....## #..## ####.##.### .
....## #.## #.....# ...## #.#
#####.# #'## #.# .# ...# #.# .#
...# #.# .# #..# #.#


You could see an adder and a goblin.

Vanquished Creatures
  A gnoll (D:1)
  An orc (D:2)
  3 endoplasms
  A giant cockroach (D:1)
  4 goblins (D:1)
  A hobgoblin (D:1)
  2 quokkas (D:2)
  6 ball pythons
  4 bats (D:1)
  A frilled lizard (D:1)
  3 kobolds
  A rat (D:1)
28 creatures vanquished.

Vanquished Creatures (others)
  A fungus (D:1)
1 creature vanquished.

Grand Total: 29 creatures vanquished

Notes
Turn   | Place    | Note
-------+----------+-------------------------------------------
     0 | D:1      | LabCoat the Hill Orc Fighter began the quest for the Orb.
     0 | D:1      | Reached XP level 1. HP: 19/19 MP: 1/1
   126 | D:1      | Reached XP level 2. HP: 27/27 MP: 2/2
   232 | D:1      | Found Xeil Tog's Weapon Emporium.
   295 | D:1      | Found a faded altar of an unknown god.
   309 | D:1      | Reached XP level 3. HP: 16/33 MP: 3/3
   907 | D:2      | Reached skill level 1 in Evocations
  1107 | D:2      | HP: 1/33 [adder (2)]
  1112 | D:2      | Slain by an adder

Illustrated notes

Levels and vault maps discovered:
D:1:      sevenhm_arrival_forest_fort_large_4, layout_rooms,
          chequers_ecumenical_altar_simple_redux, serial_shops,
          nicolae_shop_statue_plus, minmay_shallow_snake_nest
D:2:      layout_loops_corners

Skill      XL: |  1  2  3 |
---------------+----------+-----
Axes           | 3 |  3.7
Evocations     | 1 |  1.0
Fighting       | |  3.8
Throwing       | |  0.5
Armour         | |  3.5
Shields        | |  3.5

Action                   || total
-------------------------++-------
Melee: War axe           ||    95
  Use: Scroll            ||     2
       Potion            ||     1
Armor: Scale mail        ||    49
Dodge: Dodged            ||    51
Block: Buckler           ||    35
